 Dungeon Crawl Stone Soup version 0.29.0-11-gd7f09526c8 (webtiles) character file.

Game seed: 14633865919635051281

44 Gabide the Trooper (level 3, 0/30 HPs)
             Began as a Formicid Berserker on Sept 3, 2022.
             Was a Believer of Trog.
             Slain by Crazy Yiuf
             ... wielding a +4 quarterstaff of chaos
              (1 damage)
             ... on level 2 of the Dungeon.
             The game lasted 00:04:01 (1233 turns).

Gabide the Trooper (Formicid Berserker)             Turns: 1233, Time: 00:04:02

Health: 0/30       AC: 12    Str: 23    XL:     3   Next: 85%
Magic:  3/3        EV: 11    Int:  6    God:    Trog [**....]
Gold:   144        SH:  0    Dex: 13    Spells: 2/2 levels left

rFire   . . .      SeeInvis +   m - +2 hammer (protect)
rCold   . . .      Faith    +   (no shield)
rNeg    . . .      Spirit   .   d - +0 ring mail
rPois   .          Reflect  .   (helmet unavailable)
rElec   .          Harm     .   (no cloak)
rCorr   .          Rampage  .   (no gloves)
Will    ++...                   (no boots)
Stlth   +.........              c - amulet of faith
HPRegen 1.10/turn               (no ring)
MPRegen 0.08/turn               (no ring)

@: strong-willed, under a protective aura, regenerating
A: permanent stasis, dig shafts and tunnels, antennae 3, four strong arms
a: Dig, Shaft Self, Renounce Religion, Trog's Hand


You were on level 2 of the Dungeon.
You worshipped Trog.
Trog was pleased with you.
You visited 1 branch of the dungeon, and saw 2 of its levels.

You collected 144 gold pieces.

Inventory:

Hand Weapons
 m - a +2 hammer of protection (weapon)
Missiles
 g - 6 boomerangs (quivered)
Armour
 d - a +0 ring mail (worn)
Jewellery
 c - an amulet of faith (around neck)
Scrolls
 h - 2 scrolls of vulnerability
 j - a scroll of noise {unknown}
Potions
 e - a potion of curing
 f - a potion of ambrosia
 k - a potion of brilliance {unknown}
 l - a potion of lignification {unknown}


   Skills:
 * Level 4.0 Fighting
 * Level 3.6 Maces & Flails
 - Level 2.1 Armour
 + Level 2.2 Dodging


You had 2 spell levels left.
You didn't know any spells.
Your spell library was empty.

Dungeon Overview and Level Annotations

Branches:
Dungeon (2/15)

Altars:

Annotations:
D:2 Crazy Yiuf


Innate Abilities, Weirdness & Mutations

You cannot be hasted, slowed, berserked, paralysed or teleported.
You can dig through walls and to a lower floor.
You have a pair of large antennae on your head. (SInv)
Your four strong arms can wield two-handed weapons with a shield.


Message History

You see here a +0 hammer.
You see here a +0 hammer.
Found three hammers.
You see here a +0 hammer.
Press: ? - help, v - describe, . - travel, g - get item
Here: Crazy Yiuf, wielding a +4 quarterstaff of chaos and wearing a +0 cloak (fire blocked by a runed translucent door) Item here: a hammer.
The floor.
Unknown command.
Unknown command.
Unknown command.
Okay, then.
Okay, then.
Okay, then.
Okay, then.
Your skin crawls.
You feel strong-willed.
You open the door. You hit Crazy Yiuf but do no damage.
Your weapon exudes an aura of protection.
Crazy Yiuf hits you but does no damage.
You hit Crazy Yiuf.
Crazy Yiuf is moderately wounded.
Crazy Yiuf waves his quarterstaff at you.
Crazy Yiuf hits you with a +4 quarterstaff of chaos!
Crazy Yiuf freezes you.
You are too injured to fight recklessly!
You hit Crazy Yiuf.
Crazy Yiuf is heavily wounded.
Crazy Yiuf whimpers, "Island mumblescurry high!"
Crazy Yiuf hits you with a +4 quarterstaff of chaos.
* * * LOW HITPOINT WARNING * * *
Crazy Yiuf burns you.
* * * LOW HITPOINT WARNING * * *
You hit Crazy Yiuf.
Crazy Yiuf is heavily wounded.
Crazy Yiuf hits you with a +4 quarterstaff of chaos.
* * * LOW HITPOINT WARNING * * *
Crazy Yiuf freezes you.
You die...

##########....#
#+..+# ♣♣...♣ {
♣)..♣♣ ♣♣)♣♣
♣!♣♣ ♣♣)♣ ♣)♣♣
♣♣@♣ #g# )))
#)))# #).)#
#####


You could see Crazy Yiuf.

Vanquished Creatures
  6 endoplasms
  A giant cockroach (D:1)
  3 goblins (D:1)
  3 hobgoblins
  5 jackals
  3 kobolds (D:1)
  2 quokkas
  4 ball pythons (D:1)
  5 bats
  A frilled lizard (D:2)
  4 rats (D:1)
37 creatures vanquished.

Vanquished Creatures (others)
  4 fungi (D:1)
  3 toadstools (D:1)
7 creatures vanquished.

Grand Total: 44 creatures vanquished

Notes
Turn   | Place    | Note
-------+----------+-------------------------------------------
     0 | D:1      | Gabide the Formicid Berserker began the quest for the Orb.
     0 | D:1      | Reached XP level 1. HP: 18/18 MP: 1/1
   295 | D:1      | Reached XP level 2. HP: 22/24 MP: 2/2
   424 | D:1      | Found a faded altar of an unknown god.
   629 | D:1      | Reached XP level 3. HP: 19/30 MP: 3/3
   927 | D:1      | Reached ** piety under Trog
  1095 | D:2      | Reached skill level 4 in Fighting
  1217 | D:2      | Found a runed translucent door.
  1218 | D:2      | Noticed Crazy Yiuf
  1233 | D:2      | HP: 1/30 [Crazy Yiuf/+4 quarterstaff of chaos (6)]
  1233 | D:2      | Slain by Crazy Yiuf

Illustrated notes

Levels and vault maps discovered:
D:1:      dpeg_arrival_rooms_b, layout_rooms,
          shapermc_ecumenical_altar_starsandcircs, minmay_gold_behind_fungi
D:2:      layout_basic, serial_shops, shop, nicolae_hexahallways, st_stairs_1,
          uniq_terence, uniq_crazy_yiuf_cottage

Skill      XL: |  1  2  3 |
---------------+----------+-----
Dodging        | 2 |  2.2
Fighting       | 4 |  4.0
Maces & Flails | |  3.6
Armour         | |  2.1

Action                   || total
-------------------------++-------
Melee: Mace              ||   101
       Punch             ||     1
Throw: Stone             ||     3
       Boomerang         ||     8
Invok: Trog's Hand       ||     1
  Use: Scroll            ||     4
Armor: Ring mail         ||    45
       Animal skin       ||     1
Dodge: Dodged            ||    79
